 Dungeon Sprint DCSS version 0.27.1-1-g398f81649c (webtiles) character file.

Game seed: 15102772324463255808

90 styxcanada the Covert (level 4, 0/23 HPs)
             Began as a Spriggan Brigand on Sept 7, 2021.
             Was an Initiate of Gozag.
             Slain by a flying skull (8 damage)
             ... in the Dungeon (Sprint VII: "The Pits").
             The game lasted 00:02:47 (533 turns).

styxcanada the Covert (Spriggan Brigand)             Turns: 533, Time: 00:02:48

Health: 0/23       AC:  3    Str:  7    XL:     4   Next: 32%
Magic:  5/5        EV: 18    Int: 12    God:    Gozag
Gold:   621        SH:  0    Dex: 17    Spells: 3/3 levels left

rFire    . . .     SeeInvis +   o - +2 long sword (holy)
rCold    . . .     Faith    .   (shield restricted)
rNeg     . . .     Spirit   .   b - +0 robe
rPois    .         Reflect  .   (helmet restricted)
rElec    .         Harm     .   c - +0 cloak
rCorr    .         Rampage  .   (gloves unavailable)
Will     .....     NoTele   +   (boots unavailable)
Stlth    +++++.....             (no amulet)
HPRegen  0.07/turn              (no ring)
MPRegen  0.09/turn              (no ring)

@: very quick
A: very small, no large weapons, unfitting armour, see invisible, speed 3
a: Renounce Religion, Potion Petition, Call Merchant, Bribe Branch


You were in the Dungeon.
You worshipped Gozag.
Gozag was pleased with you.
You visited 1 branch You collected 621 gold pieces.

Inventory:

Hand Weapons
 a - a +2 dagger
 n - a +1 dagger of draining
 o - a +2 long sword of holy wrath (weapon)
Missiles
 d - 5 poisoned darts (quivered)
 e - 2 curare-tipped darts
 m - 10 stones
Armour
 b - a +0 robe (worn)
 c - a +0 cloak (worn)
Scrolls
 k - a scroll of blinking
Potions
 f - 6 potions of curing
 g - 6 potions of heal wounds
 h - a potion of haste
 i - 4 potions of magic
 j - 3 potions of berserk rage
 l - 2 potions of invisibility


   Skills:
 * Level 2.8 Fighting
 + Level 3.0 Short Blades
 + Level 2.9 Throwing
 * Level 3.9 Dodging
 * Level 11.9 Stealth


You had 3 spell levels left.
You didn't know any spells.
Your spell library was empty.

Dungeon Overview and Level Annotations

Branches:
Dungeon (1/1)

Altars:
Ashenzari
Cheibriados
Dithmenos
Elyvilon
Fedhas
Gozag
Hepliaklqana
Kikubaaqudgha
Makhleb
Nemelex Xobeh
Okawaru
Qazlal
Ru
Sif Muna
Trog
Uskayaw
Vehumet
Wu Jian
Xom
Yredelemnul
Zin
The Shining One
Beogh
Jiyva
Lugonu


Innate Abilities, Weirdness & Mutations

You are very small and have problems with some larger weapons.
You are too small for most types of armour.
You have supernaturally acute eyesight. (SInv)
You cover ground extremely quickly. (Speed+++)


Message History

There is an open door here.
You open the door.
An adder comes into view.
A sky beast, an orc and a crimson imp come into view.
There is an open door here.
A flying skull comes into view.
You hit the crimson imp but do no damage.
The crimson imp hits you. The flying skull hits you.
There is an open door here.
The crimson imp blinks!
Throw: 8 darts (poison)
Press: ? - help, Q - select action, (/) - cycle Shift-Dir - straight line, f - flying skull
Aim: a flying skull (37% to hit)
You throw a poisoned dart.
The poisoned dart closely misses the flying skull.
The flying skull hits you but does no damage.
Throw: 7 darts (poison)
Press: ? - help, Q - select action, (/) - cycle Shift-Dir - straight line, f/p - flying skull
Aim: a flying skull (37% to hit)
You throw a poisoned dart.
The poisoned dart closely misses the flying skull.
The flying skull hits you but does no damage.
Throw: 6 darts (poison)
Press: ? - help, Q - select action, (/) - cycle Shift-Dir - straight line, f - you, p - flying skull
Okay, then.
Throw: 6 darts (poison)
Press: ? - help, Q - select action, (/) - cycle Shift-Dir - straight line, f/p - flying skull
Aim: a flying skull (37% to hit)
You throw a poisoned dart.
The poisoned dart hits the flying skull!
The flying skull hits you!
Ouch! That really hurt!
Your +2 long sword of holy wrath softly glows with a divine radiance!
o - a +2 long sword of holy wrath (weapon)
You hit the flying skull.
The flying skull convulses.
The flying skull is heavily damaged.
The flying skull hits you!
You die...
Your body crumbles into a pile of gold.

#_________.#
#_______...#######
##########'##.....
#.?..')))'.##.....
##########.##.....
#.........รท.'.....
#'#####'#####.....
#.#..#..#..##.....
#@#..'..'..#####'#
#z##'####'###.....
#.#....)...##.....
#.#........##.....
#.#####'#####...<.
#.#...)).[.##.....
#.#...)).[.##.....
#'###########.....
#...5...# ######


You could see a flying skull.

Vanquished Creatures
  A scorpion (D)
  An adder (D)
  An ufetubus (D)
  A worm (D)
  A bat zombie (D)
  An endoplasm (D)
  A goblin (D)
  4 jackals (D)
  A ball python (D)
  A rat (D)
13 creatures vanquished.

Notes
Turn   | Place    | Note
-------+----------+-------------------------------------------
     0 | D        | styxcanada the Spriggan Brigand began the quest for the
                  | Orb.
     0 | D        | Reached XP level 1. HP: 10/10 MP: 2/2
    12 | D        | Reached skill level 6 in Stealth
    14 | D        | Found a bloodstained altar of Trog.
    14 | D        | Found a shimmering blue altar of Sif Muna.
    14 | D        | Found a viscous altar of Jiyva.
    14 | D        | Found a hazy altar of Hepliaklqana.
    14 | D        | Found an opulent altar of Gozag.
    15 | D        | Found a glowing golden altar of the Shining One.
    15 | D        | Found a glowing silver altar of Zin.
    15 | D        | Found a basalt altar of Yredelemnul.
    15 | D        | Found a shimmering altar of Xom.
    15 | D        | Found an ornate altar of the Wu Jian Council.
    15 | D        | Found a sacrificial altar of Ru.
    15 | D        | Found a stormy altar of Qazlal.
    15 | D        | Found an iron altar of Okawaru.
    15 | D        | Found a sparkling altar of Nemelex Xobeh.
    15 | D        | Found a burning altar of Makhleb.
    15 | D        | Found a blossoming altar of Fedhas.
    15 | D        | Found a white marble altar of Elyvilon.
    15 | D        | Found a shadowy altar of Dithmenos.
    15 | D        | Found a snail-covered altar of Cheibriados.
    16 | D        | Found a radiant altar of Vehumet.
    16 | D        | Found a corrupted altar of Lugonu.
    17 | D        | Found an ancient bone altar of Kikubaaqudgha.
    17 | D        | Found a hide-covered altar of Uskayaw.
    17 | D        | Found a broken altar of Ashenzari.
    19 | D        | Became a worshipper of Gozag Ym Sagoz the Greedy
    43 | D        | Noticed a scorpion
    68 | D        | Killed a scorpion
    69 | D        | Reached skill level 11 in Stealth
    69 | D        | Reached XP level 2. HP: 8/16 MP: 3/3
    69 | D        | Reached XP level 3. HP: 10/19 MP: 4/4
   226 | D        | Reached XP level 4. HP: 23/23 MP: 5/5
   512 | D        | Noticed a sky beast
   515 | D        | Noticed a flying skull
   533 | D        | Slain by a flying skull

Illustrated notes

Levels and vault maps discovered:
D:        pitsprint [storerooms_1, entrance_room_1, metal_vault_2, armoury_2,
          mini_pit_1, grid_room_1, main_hall_1, silver_pit, the_coven_3,
          the_vestibule_1, steel_vault_3, golden_pit, hallway_of_sentries,
          crystal_vault_3, iron_vault_2, final_vault]

Skill      XL: |  1  2  3  4 |
---------------+-------------+-----
Stealth        | 11 | 11.9
Fighting       | 2 |  2.8
Dodging        | 3 |  3.9
Short Blades   | 3 |  3.0
Throwing       | |  2.9

Action                   |  1- 3 |  4- 6 || total
-------------------------+-------+-------++-------
Melee: Dagger            |     3 |    37 ||    40
       Long sword        |       |     1 ||     1
Throw: Dart              |     6 |    11 ||    17
 Stab: Sleeping          |     2 |     4 ||     6
Armor: Robe              |     1 |    12 ||    13
Dodge: Dodged            |     2 |    60 ||    62
